 Dungeon Crawl Stone Soup version 0.14-a0-2124-ga163777 (webtiles) character file.

1133 CrazyArbalest the Bolt Thrower (level 7, -5/50 HPs)
             Began as a Demonspawn Hunter on Jan 27, 2014.
             Slain by a slime creature (18 damage)
             ... on Level 5 of the Dungeon on Jan 28, 2014.
             The game lasted 00:28:17 (4398 turns).

CrazyArbalest the Bolt Thrower (Demonspawn Hunter)  Turns: 4398, Time: 00:28:18

HP  -5/50        AC  7     Str 13      XL: 7   Next: 89%
MP   7/7         EV 13     Int 12      God:
Gold 188         SH  0     Dex 17      Spells:  0 memorised,  6 levels left

rFire  . . .     SeeInvis .     a - +1,+2 dwarf short sword (speed)
rCold  . . .     Clarity  .     x - +3 elf leather armour
rNeg   . . .     Conserve .     (no shield)
rPois  .         rCorr    .     (helmet restricted)
rElec  .         rRot     .     (no cloak)
SustAb . .       Spirit   .     (no gloves)
rMut   .         Warding  .     o - +0 pair of boots
Saprov . . .     Stasis   .     (no amulet)
MR     .....                    (no ring)
                                (no ring)

@: not resistant to hostile enchantments, stealthy
A: horns 1, thin skeletal structure 1, conserve scrolls, powered by death 1
a: no special abilities


You were on level 5 of the Dungeon.
You were not hungry.

You visited 1 branch of the dungeon, and saw 5 of its levels.

You collected 188 gold pieces.

Inventory:

Hand weapons
 a - a +1,+2 dwarven short sword of speed (weapon)
 b - a +1,+1 crossbow
 e - a +0,+1 orcish falchion
 I - a -1,+0 orcish long sword
 J - a +0,+0 falchion
Missiles
 c - 104 bolts
Armour
 o - a +0 pair of boots (worn)
 x - a +3 elven leather armour (worn)
 y - a +1 dwarven helmet
Magical devices
 s - a wand of flame (3)
Comestibles
 f - 4 bread rations
 h - a choko
 p - a meat ration
 u - 4 apples
 w - 2 pears
 C - 3 chunks of ogre flesh
 F - a chunk of quokka flesh
Scrolls
 g - a scroll of teleportation {unknown}
 i - 4 scrolls of magic mapping {unknown}
 j - a scroll of curse weapon {unknown}
 l - 3 scrolls of recharging {unknown}
 m - 7 scrolls of identify
 q - 2 scrolls of random uselessness
 r - a scroll of immolation {unknown}
 A - a scroll of remove curse
 B - a scroll of fear {unknown}
 E - a scroll of enchant armour {unknown}
 G - a scroll of fog {unknown}
Jewellery
 H - a cursed ring of teleportation {unknown}
Potions
 d - a potion of mutation {unknown}
 k - 3 potions of brilliance {unknown}
 n - 3 potions of poison {unknown}
 t - 3 potions of heal wounds {unknown}
 v - 5 potions of curing {unknown}
 z - a potion of beneficial mutation {unknown}
 D - a potion of magic {unknown}


   Skills:
 + Level 2.0 Fighting
 + Level 2.2 Short Blades
 + Level 1.1 Long Blades
 * Level 7.1 Crossbows
 + Level 1.7 Armour
 + Level 3.8 Dodging
 + Level 2.1 Stealth


You had 6 spell levels left.
You didn't know any spells.

Dungeon Overview and Level Annotations

Branches:
Dungeon (5/16)
 Temple: D:4-7

Altars:


Innate Abilities, Weirdness & Mutations

You have a pair of small horns on your head.
You have a somewhat thin skeletal structure (Dex +2, Stlth).
You are very good at protecting items from fire.
You can steal the life force of nearby defeated enemies.


Message History

The slime creature hits you but does no damage.
You hit the slime creature.
The slime creature is heavily wounded.
You hit the slime creature.
The slime creature is heavily wounded.
The slime creature hits you!
You barely miss the slime creature.
The slime creature is heavily wounded.
You hit the slime creature. You headbutt the slime creature.
The slime creature is severely wounded.
You barely miss the slime creature.
The slime creature is severely wounded.
The slime creature hits you!
* * * LOW HITPOINT WARNING * * *
You hit the slime creature. You headbutt the slime creature.
The slime creature is almost dead.
You barely miss the slime creature.
The slime creature is almost dead.
The slime creature hits you!
You die...

#.# #.........##........(..# #.#
#.######...#........#.((.
###.#####>#
#...........###.#.###
..........###.##[..#.#......#..
###.#.....<...)...##.....#..!%.#
#.#.##..###.###.J......#.###?#
#.#.##).# #.# #g##.#...#.. .#
###.#.##..###.###J##.#......# .J
....#.##........@.##.#..###.#
####...#................. g#
#...#..###......$.....# .$
####...#.<#######.##.#...# #
#....................#...#
#..................#.#....
#.........###.####.# ..#
...#......# # .# .#........#


You could see a slime creature, a jelly and a goblin.

Vanquished Creatures
  Eustachio (D:5)
  The ghost of CrazyArbalest the Bolt Thrower, an average DsHu (D:3)
  2 ogres (D:5)
  A phantom (D:4)
  A giant frog skeleton (D:4)
  A crimson imp (D:5)
  A hound (D:5)
  3 worker ants
  3 orc priests
  An iguana (D:5)
  6 adders
  A worm (D:2)
  An ooze (D:1)
  14 orcs
  3 ball pythons
  11 goblins
  9 hobgoblins
  3 jackals (D:4)
  11 kobolds
  A quokka (D:5)
  12 bats
  5 giant cockroaches
  2 giant geckos
  7 giant newts
  A giant newt skeleton (D:4)
  5 rats
  A rat zombie (D:5)
108 creatures vanquished.

Notes
Turn   | Place    | Note
--------------------------------------------------------------
     0 | D:1      | CrazyArbalest, the Demonspawn Hunter, began the quest for the Orb.
     0 | D:1      | Reached XP level 1. HP: 15/15 MP: 1/1
   203 | D:1      | Reached skill level 4 in Crossbows
   216 | D:1      | Gained mutation: You are very good at protecting items from fire. [demonic ancestry]
   216 | D:1      | Reached XP level 2. HP: 19/21 MP: 2/2
   890 | D:1      | Gained mutation: You have a pair of small horns on your head. [demonic ancestry]
   890 | D:1      | Reached XP level 3. HP: 26/26 MP: 3/3
  1550 | D:2      | Reached skill level 1 in Stealth
  1550 | D:2      | Gained mutation: You can steal the life force of nearby defeated enemies. [demonic ancestry]
  1550 | D:2      | Reached XP level 4. HP: 29/32 MP: 4/4
  2210 | D:3      | Noticed CrazyArbalest's ghost (average DsHu)
  2646 | D:3      | Reached skill level 1 in Short Blades
  2646 | D:3      | Reached skill level 1 in Armour
  2868 | D:3      | Reached skill level 5 in Crossbows
  2868 | D:3      | Reached XP level 5. HP: 17/37 MP: 5/5
  3082 | D:3      | Killed CrazyArbalest's ghost
  3082 | D:3      | Reached skill level 1 in Long Blades
  3082 | D:3      | Gained mutation: You have a somewhat thin skeletal structure (Dex +2, Stlth). [demonic ancestry]
  3082 | D:3      | Reached XP level 6. HP: 37/43 MP: 6/6
  3653 | D:4      | Reached skill level 6 in Crossbows
  3841 | D:4      | Reached XP level 7. HP: 38/49 MP: 7/7
  4098 | D:5      | Entered Level 5 of the Dungeon
  4098 | D:5      | Noticed Eustachio
  4199 | D:5      | Killed Eustachio
  4247 | D:5      | Reached skill level 7 in Crossbows
  4373 | D:5      | Noticed a slime creature
  4398 | D:5      | Slain by a slime creature

Action                   |  1- 3 |  4- 6 |  7- 9 || total
-------------------------+-------+-------+-------++-------
Melee: Short sword       |   132 |   118 |    41 ||   291
       Falchion          |       |    14 |       ||    14
 Fire: Crossbow          |     9 |    62 |    30 ||   101
  Use: Potion            |     1 |       |       ||     1
       Scroll            |       |     5 |       ||     5
 Stab: Sleeping          |       |     3 |     1 ||     4
